 Dungeon Crawl Stone Soup version 0.27.1-33-g824d729ab1 (webtiles) character file.

Game seed: 11678183762825544871

61 SensoryNuts the Ruffian (level 3, -3/36 HPs)
             Began as a Troll Monk on Dec 6, 2021.
             Killed by divine providence
             ... invoked by an orc priest
              (13 damage)
             ... on level 3 of the Dungeon.
             The game lasted 00:02:19 (1309 turns).

SensoryNuts the Ruffian (Troll Monk)                Turns: 1309, Time: 00:02:20

Health: -3/36      AC:  4    Str: 20    XL:     3   Next: 83%
Magic:  2/2        EV: 10    Int:  6    God:
Gold:   55         SH:  0    Dex: 12    Spells: 2/2 levels left

rFire    . . .     SeeInvis .     - Unarmed
rCold    . . .     Faith    .   (no shield)
rNeg     . . .     Spirit   .   a - +0 robe
rPois    .         Reflect  .   (helmet restricted)
rElec    .         Harm     .   (no cloak)
rCorr    .         Rampage  .   (gloves unavailable)
Will     .....                  (boots unavailable)
Stlth    ++........             (no amulet)
HPRegen  1.12/turn              (no ring)
MPRegen  0.08/turn              (no ring)

@: no status effects
A: large, unfitting armour, claws 3, regeneration 1, shaggy fur 1, tough skin 1
a: no special abilities


You were on level 3 of the Dungeon.
You visited 1 branch of the dungeon, and saw 3 of its levels.

You collected 55 gold pieces.

Inventory:

Armour
 a - a +0 robe (worn)
Wands
 h - a wand of flame (15)
Scrolls
 b - a scroll of teleportation {unknown}
 d - 2 scrolls of amnesia {unknown}
Potions
 c - a potion of lignification {unknown}
 e - a potion of brilliance {unknown}
 f - a potion of magic {unknown}
 g - a potion of attraction {unknown}
 i - a potion of might {unknown}


   Skills:
 + Level 2.9 Fighting
 + Level 3.0 Dodging
 + Level 1.2 Stealth
 + Level 3.5 Unarmed Combat


You had 2 spell levels left.
You didn't know any spells.
Your spell library contained the following spells:

 Spells                   Type           Power      Damage    Failure   Level
 Summon Small Mammal      Summ           0%         N/A       45%         1
 Call Canine Familiar     Summ           0%         N/A       83%         3
 Summon Guardian Golem    Hex/Summ       0%         N/A       83%         3


Dungeon Overview and Level Annotations

Branches:
Dungeon (3/15)

Altars:


Innate Abilities, Weirdness & Mutations

You are too large for most types of armour.
You have claws for hands.
Your natural rate of healing is unusually fast.
You are covered in fur. (AC +1)
You have tough skin. (AC +1)


Message History

The orc barely misses you.
You closely miss the orc priest.
The orc priest is severely wounded.
The orc priest barely misses you. The orc hits you with a +0 mace.
You barely miss the orc priest.
The orc priest is severely wounded.
The adder misses you. The orc priest hits you with a +0 mace.
You barely miss the orc priest.
The orc priest is severely wounded.
The adder closely misses you. The orc hits you but does no damage.
The orc priest hits you with a +0 mace. The adder bites you.
You barely miss the orc priest.
The orc priest is severely wounded.
The orc closely misses you.
The orc priest hits you but does no damage.
The adder bites you.
You are poisoned.
The adder poisons you!
Unknown command.
You barely miss the orc priest.
The orc priest is severely wounded.
You feel sick. The orc hits you with a +0 mace.
The orc priest hits you with a +0 mace. The adder barely misses you.
You scratch the orc priest.
The orc priest is severely wounded.
You feel sick. The adder bites you. The orc hits you with a +0 mace.
The orc priest looks encouraged for a moment.
You barely miss the orc priest.
The orc priest is severely wounded.
You feel sick. The adder closely misses you. The orc barely misses you.
The orc priest hits you with a +0 mace.
* * * LOW HITPOINT WARNING * * *
You barely miss the orc priest.
The orc priest is severely wounded.
You feel sick.
You are no longer poisoned.
The adder barely misses you. The orc barely misses you.
The orc priest calls down the wrath of Beogh upon you.
Beogh smites you!
You die...

..# ..## ......
...# ....# #..#
#..... #..#
...##.##o.#
#..##..ooS#
#..#####@##
#.####..#......#
.......<#.###..#
#.####..#...#..#
#.........#..#
....#.#........####
... #.............#
.. ###############
.


You could see an orc priest, an adder and 2 orcs.

Vanquished Creatures
  3 adders (D:2)
  2 worms (D:2)
  2 ball pythons (D:1)
  3 bats
  3 endoplasms
  A giant cockroach (D:1)
  A hobgoblin (D:2)
  2 jackals (D:2)
  3 kobolds (D:2)
  2 quokkas (D:1)
  A frilled lizard (D:1)
  3 goblins
  A rat (D:2)
27 creatures vanquished.

Notes
Turn   | Place    | Note
-------+----------+-------------------------------------------
     0 | D:1      | SensoryNuts the Troll Monk began the quest for the Orb.
     0 | D:1      | Reached XP level 1. HP: 22/22 MP: 0/0
   245 | D:1      | Reached XP level 2. HP: 29/29 MP: 1/1
   811 | D:2      | Reached XP level 3. HP: 36/36 MP: 2/2
  1134 | D:2      | Found a faded altar of an unknown god.
  1309 | D:3      | Killed from afar by an orc priest

Illustrated notes

Levels and vault maps discovered:
D:1:      minmay_arrival_semitransparent, layout_loops_corners
D:2:      layout_rooms, hellmonk_ecumenical_altar_blasted, minmay_cut_off
D:3:      layout_basic, mainiacjoe_overflow_small_starburst,
          portal_sewer_entry_e

Skill      XL: |  1  2  3 |
---------------+----------+-----
Dodging        | 3 |  3.0
Fighting       | |  2.9
Stealth        | |  1.2
Unarmed Combat | |  3.5

Action                   || total
-------------------------++-------
Melee: Unarmed           ||    77
 Stab: Sleeping          ||     3
Armor: Robe              ||    26
Dodge: Dodged            ||    35
